 Dungeon Crawl Stone Soup version 0.28.0 (webtiles) character file.

Game seed: 896904511672385422

2793 Minsecho the Cleaver (level 9, -3/79 HPs)
             Began as a Hill Orc Fighter on Feb 8, 2022.
             Was a Follower of Okawaru.
             Killed by divine providence
             ... invoked by an orc priest
              (7 damage)
             ... on level 7 of the Dungeon.
             The game lasted 00:15:25 (8613 turns).

Minsecho the Cleaver (Hill Orc Fighter)             Turns: 8613, Time: 00:15:26

Health: -3/79      AC:  8    Str: 21    XL:     9   Next: 71%
Magic:  9/9        EV: 10    Int:  8    God:    Okawaru [*.....]
Gold:   270        SH:  5    Dex: 12    Spells: 8/8 levels left

rFire   . . .      SeeInvis .   a - +1 war axe
rCold   . . .      Faith    .   c - +0 buckler
rNeg    . . .      Spirit   .   b - +0 scale mail
rPois   .          Reflect  .   (no helmet)
rElec   .          Harm     .   (no cloak)
rCorr   .          Rampage  .   (no gloves)
Will    .....                   (no boots)
Stlth   ..........              (no amulet)
HPRegen 0.23/turn               (no ring)
MPRegen 0.11/turn               (no ring)

@: invisible
A: no striking features
a: Renounce Religion, Heroism


You were on level 7 of the Dungeon.
You worshipped Okawaru.
Okawaru was aware of your devotion.
You visited 1 branch of the dungeon, and saw 7 of its levels.
You also visited: Sewer.

You collected 270 gold pieces.

Inventory:

Hand Weapons
 a - a +1 war axe (weapon)
 o - a +2 hand axe of flaming
Missiles
 x - 4 javelins (quivered)
Armour
 b - a +0 scale mail (worn)
 c - a +0 buckler (worn)
 e - a scarf of shadows
Jewellery
 h - the ring of Tesaog {Ice rPois Int+3}
   (You found it on level 2 of the Dungeon)

   [ring of ice]

   It enhances your ice magic.
   Int:       It affects your intelligence (+3).
   rF:        It makes you vulnerable to fire.
   rC:        It protects you from cold.
   rPois:     It protects you from poison.
 u - an amulet of faith
 A - a ring of wizardry
Wands
 n - a wand of paralysis (5)
 r - a wand of flame (35)
 y - a wand of charming (4)
 B - a wand of polymorph (10)
Scrolls
 f - a scroll of enchant armour
 g - a scroll of noise
 i - 2 scrolls of vulnerability
 j - 2 scrolls of teleportation
 k - 3 scrolls of enchant weapon
 m - 2 scrolls of fog
 p - a scroll of fear {unknown}
 t - a scroll of blinking {unknown}
 w - 2 scrolls of silence {unknown}
Potions
 d - 3 potions of attraction
 l - 2 potions of invisibility
 q - a potion of magic
 s - a potion of brilliance
 v - a potion of mutation


   Skills:
 + Level 7.3 Fighting
 + Level 11.4 Axes
 + Level 7.9 Armour
 + Level 2.2 Dodging
 + Level 1.1 Stealth
 + Level 5.0 Shields
 * Level 1.3 Invocations
 + Level 0.6 Evocations


You had 8 spell levels left.
You didn't know any spells.
Your spell library contained the following spells:

 Spells                   Type           Power      Damage    Failure   Level
 Corpse Rot               Necr/Air       0%         N/A       90%         2
 Poisonous Vapours        Pois/Air       0%         N/A       90%         2
 Sublimation of Blood     Necr           0%         N/A       90%         2
 Petrify                  Tmut/Erth      0%         N/A       100%        4
 Irradiate                Conj/Tmut      0%         3d13      100%        5
 Summon Small Mammal      Summ           Unusable   N/A       N/A         1
 Call Canine Familiar     Summ           Unusable   N/A       N/A         3
 Summon Guardian Golem    Hex/Summ       Unusable   N/A       N/A         3

Dungeon Overview and Level Annotations

Branches:
Dungeon (7/15)              Sewer (visited)
 Temple: D:4-7

Altars:
Fedhas
Hepliaklqana
Okawaru


Message History

You closely miss the orc priest. You barely miss the orc warrior.
You hit the ice beast. The orc priest barely misses you.
The orc warrior hits you with a +0 battleaxe!
* * * LOW HITPOINT WARNING * * *
The ice beast barely misses you.
You slash the orc priest!
The orc priest is almost dead.
You hit the ice beast. You barely miss the orc warrior.
The orc priest calls down the wrath of Beogh upon you.
Beogh smites you!
* * * LOW HITPOINT WARNING * * *
The orc warrior barely misses you. You block the ice beast's attack.
Okay, then.
You feel better.
Aiming: Paralyse
Press: ? - help, Shift-Dir - straight line, f - orc warrior
Aim: an orc warrior, wielding a +0 battleaxe and wearing a +0 plate armour (lightly wounded, chance to affect: 50%)
The orc warrior suddenly stops moving!
An orc wizard appears from thin air!
Reactivating autopickup.
The helpless orc warrior fails to defend itself.
You hit the orc warrior but do no damage.
The orc warrior is lightly wounded.
The helpless orc warrior fails to defend itself.
You slash the orc warrior!
The orc warrior is moderately wounded.
The helpless orc warrior fails to defend itself.
You slice the orc warrior!!
You kill the orc warrior!
Okawaru accepts your kill.
The orc priest calls down the wrath of Beogh upon you.
Beogh smites you!
* * * LOW HITPOINT WARNING * * *
Your Shields skill increases to level 5!
Your Invocations skill increases to level 1!
Okay, then.
Okay, then.
You fade into invisibility!
The orc priest calls down the wrath of Beogh upon you.
Beogh smites you!
You die...

#.......#>#
........#.#
#.#####.#.# #
#.#.# #.#.#
#.#.# #.#.#
#.#.# ######.#@#
...(..)#o######
.......)o.......
.###.#).......##
##..####.# ##.#
# ##. #. .


You could see an orc priest and an orc wizard.

Vanquished Creatures
  A steam dragon (D:6)
  3 water moccasins
  2 orc warriors (D:7)
  A black bear (D:6)
  A hornet zombie (D:6)
  An ice beast (D:5)
  A sky beast (D:6)
  3 necrophages
  An ogre (D:5)
  8 scorpions
  A water moccasin skeleton (D:5)
  6 killer bees
  A centaur zombie (D:5)
  2 bullfrog zombies (D:6)
  2 hounds
  A jelly (D:6)
  3 orc priests
  A bullfrog skeleton (D:5)
  An iguana (D:5)
  Ijyb (D:3)
  2 orc wizards
  3 gnolls (D:5)
  A howler monkey skeleton (D:7)
  6 adders
  A white imp (D:6)
  2 ufetubi
  4 worms
  5 dart slugs
  15 orcs
  6 endoplasms
  2 giant cockroaches
  8 hobgoblins
  9 jackals
  4 quokkas
  8 ball pythons
  8 bats
  5 frilled lizards
  15 goblins
  12 kobolds
  A rat (D:2)
158 creatures vanquished.

Vanquished Creatures (others)
  An orc wizard (D:6)
  13 fungi (D:4)
14 creatures vanquished.

Grand Total: 172 creatures vanquished

Notes
Turn   | Place    | Note
-------+----------+-------------------------------------------
     0 | D:1      | Minsecho the Hill Orc Fighter began the quest for the Orb.
     0 | D:1      | Reached XP level 1. HP: 19/19 MP: 1/1
   177 | D:1      | Reached XP level 2. HP: 24/27 MP: 2/2
   518 | D:1      | Reached skill level 3 in Axes
   660 | D:2      | Found a faded altar of an unknown god.
   675 | D:2      | Reached XP level 3. HP: 28/34 MP: 3/3
  1163 | D:2      | Reached skill level 4 in Axes
  1275 | D:2      | Identified the ring of Tesaog {Ice rPois Int+3}
  1326 | D:2      | Reached XP level 4. HP: 41/41 MP: 4/4
  1865 | D:3      | Found a glowing drain.
  2030 | Sewer    | Entered a sewer
  2078 | Sewer    | Noticed a water moccasin
  2086 | Sewer    | Killed a water moccasin
  2087 | Sewer    | Reached skill level 5 in Axes
  2087 | Sewer    | Reached XP level 5. HP: 23/47 MP: 5/5
  2470 | D:3      | Noticed Ijyb
  2495 | D:3      | Killed Ijyb
  2496 | D:3      | Reached XP level 6. HP: 28/55 MP: 6/6
  2870 | D:4      | Noticed a necrophage
  2884 | D:4      | Reached skill level 1 in Dodging
  2896 | D:4      | Killed a necrophage
  2897 | D:4      | Reached skill level 5 in Fighting
  2897 | D:4      | Reached skill level 6 in Axes
  3718 | D:4      | Reached XP level 7. HP: 24/61 MP: 7/7
  4028 | D:4      | Reached skill level 7 in Axes
  4052 | D:3      | Reached skill level 5 in Armour
  4638 | D:5      | Entered Level 5 of the Dungeon
  4830 | D:5      | Reached XP level 8. HP: 66/69 MP: 8/8
  4868 | D:5      | Reached skill level 8 in Axes
  5493 | D:5      | Reached skill level 9 in Axes
  6272 | D:6      | HP: 3/70 [steam dragon (4)]
  6287 | D:6      | Reached skill level 10 in Axes
  6287 | D:6      | Reached XP level 9. HP: 7/75 MP: 9/9
  6834 | D:6      | Reached skill level 1 in Stealth
  6941 | D:6      | Found an iron altar of Okawaru.
  6953 | D:6      | Became a worshipper of Warmaster Okawaru
  7056 | D:6      | Found a blossoming altar of Fedhas.
  7321 | D:6      | Found a hazy altar of Hepliaklqana.
  7675 | D:6      | Reached skill level 11 in Axes
  8026 | D:7      | Reached * piety under Okawaru
  8613 | D:7      | Reached skill level 5 in Shields
  8613 | D:7      | Reached skill level 1 in Invocations
  8613 | D:7      | Killed from afar by an orc priest

Illustrated notes

Levels and vault maps discovered:
D:1:      lightli_arrival_isolated_outpost, layout_rooms
D:2:      layout_loops_cross, nicolae_ecumenical_pavilion, minmay_tall_x
D:3:      kennysheep_the_goblin_king, layout_rooms,
          cheibrodos_sewer_entry_sluice
D:4:      old_forge, layout_rooms, hex_tiny
D:5:      layout_basic, minmay_misc_feat_diagonals, grunt_tough_drop
D:6:      layout_cave_pods, amcnicky_altar_gilded, kennysheep_okawaru_gauntlet,
          mainiacjoe_overflow_surrounded_room, minmay_temple_entry_from_below_b
D:7:      layout_loops_ring, uniq_harold

Skill      XL: |  1  2  3  4  5  6  7  8  9 |
---------------+----------------------------+-----
Fighting       | 4 5 6 7 |  7.3
Axes           | 3 4 5 6 7 10 11 | 11.4
Armour         | 4 5 7 |  7.9
Dodging        | 1 2 |  2.2
Shields        | 4 5 |  5.0
Stealth        | 1 |  1.1
Invocations    | 1 |  1.3
Evocations     | |  0.6

Action                   |  1- 3 |  4- 6 |  7- 9 || total
-------------------------+-------+-------+-------++-------
Melee: War axe           |    90 |   167 |   298 ||   555
Evoke: Wand              |       |       |     7 ||     7
  Use: Potion            |     3 |     2 |     8 ||    13
       Scroll            |       |    11 |     1 ||    12
 Stab: Paralysed         |       |       |     4 ||     4
Armor: Scale mail        |    36 |    79 |   134 ||   249
Dodge: Dodged            |    52 |    73 |   150 ||   275
Block: Buckler           |    16 |    32 |    75 ||   123
